 Dungeon Crawl Stone Soup version 0.21.1-1-g345015f (webtiles) character file.

812 KleinerIrrer the Chopper (level 8, -2/64 HPs)
             Began as a Formicid Fighter on Apr 4, 2018.
             Slain by Menkaure (21 damage)
             ... on level 4 of the Dungeon.
             The game lasted 00:02:02 (3799 turns).

KleinerIrrer the Chopper (Formicid Fighter)         Turns: 3799, Time: 00:02:03

Health: -2/64      AC:  9    Str: 23    XL:     8   Next: 15%
Magic:  8/8        EV:  9    Int:  8    God:
Gold:   209        SH: 10    Dex: 10    Spells: 7/7 levels left

rFire    . . .     SeeInvis +   Y - +0 war axe
rCold    . . .     Gourm    .   c - +0 shield
rNeg     . . .     Faith    .   b - +0 scale mail
rPois    .         Spirit   .   (helmet unavailable)
rElec    .         Reflect  .   (no cloak)
rCorr    .         Harm     .   (no gloves)
MR       .....                  m - +1 pair of boots
Stlth    ..........             (no amulet)
HPRegen  0.20/turn              (no ring)
MPRegen  0.11/turn              (no ring)

@: no status effects
A: permanent stasis, dig shafts and tunnels, four strong arms, antennae 3
a: Dig, Shaft Self


You were on level 4 of the Dungeon.
You were not hungry.

You visited 1 branch of the dungeon, and saw 4 of its levels.

You collected 209 gold pieces.


Innate Abilities, Weirdness & Mutations

You cannot be hasted, slowed, berserked, paralysed or teleported.
You can dig through walls and to a lower floor.
Your four strong arms can wield two-handed weapons with a shield.
You have a pair of large antennae on your head. (SInv)


   Skills:
 - Level 5.6 Fighting
 + Level 7.0 Axes
 - Level 3.2 Armour
 - Level 1.1 Dodging
 - Level 5.0 Shields


You had 7 spell levels left.
You didn't know any spells.

Inventory:

Hand Weapons
 i - a +0 flail
 Y - a +0 war axe (weapon)
Armour
 b - a +0 scale mail (worn)
 c - a +0 shield (worn)
 m - a +1 pair of boots (worn)
Jewellery
 e - an uncursed ring of wizardry {unknown}
Wands
 g - a wand of flame (18)
Potions
 j - 2 potions of haste {unknown}
 l - a potion of cancellation {unknown}
 n - 2 potions of curing
 o - a potion of resistance {unknown}
Comestibles
 a - 9 chunks of flesh
 f - 4 rations

Dungeon Overview and Level Annotations

Branches:
Dungeon (4/15)
 Temple: D:4-7

Altars:
Dithmenos
Makhleb
Vehumet

Annotations:
D:4 Menkaure, Pikel


Message History

Your body is wracked with pain!
You hit Menkaure but do no damage.
Menkaure is heavily damaged.
Menkaure hits you but does no damage.
Your shield and scale mail prevent you from hitting Menkaure.
Menkaure is heavily damaged.
You block Menkaure's attack. Menkaure barely misses you.
You hit Menkaure.
Menkaure is heavily damaged.
You block Menkaure's attack.
You hit Menkaure but do no damage.
Menkaure is heavily damaged.
You block Menkaure's attack.
Menkaure calls on the powers of darkness!
Your body is wracked with pain!
Pikel convulses!
You barely miss Pikel.
Pikel is severely wounded.
You closely miss Menkaure. You block Pikel's attack. Menkaure hits you!!
You die...

....##.......#
....##..##...#
....######...#
..).##..##...#####
.[<.##..)....##..##+####
.......................#
.......................#
....##..##............[#
....##..##......@M.....+
........#######..K.....#
....##..# #..##...##
######... #### ..# ..##
... .. .


You could see Pikel and Menkaure.

Vanquished Creatures
  The ghost of HammerPanzer the Cudgeler, an amateur DsBe of Trog (D:3)
  Sigmund (D:2)
  An ogre (D:4)
  A bullfrog (D:3)
  Jessica (D:2)
  Natasha (thrice) (D:2)
  A worker ant (D:3)
  9 adders
  2 worms
  A dart slug (D:1)
  9 orcs
  3 giant cockroaches
  8 goblins
  5 hobgoblins
  9 jackals
  A quokka (D:2)
  5 bats
  4 frilled lizards
  6 kobolds
  5 rats
76 creatures vanquished.

Notes
Turn   | Place    | Note
-------+----------+-------------------------------------------
     0 | D:1      | KleinerIrrer the Formicid Fighter began the quest for the Orb.
     0 | D:1      | Reached XP level 1. HP: 18/18 MP: 1/1
     0 | D:1      | 0 ||| counter = 12
    43 | D:1      | 43 ||| Stepping ~*~*~tactically~*~*~ (water).
   258 | D:1      | Reached XP level 2. HP: 23/24 MP: 2/2
   288 | D:1      | Reached skill level 3 in Axes
   424 | D:1      | Reached XP level 3. HP: 29/29 MP: 3/3
   605 | D:1      | 605 ||| DROPPING club.
   827 | D:1      | 827 ||| UPGRADING to pair of embroidered boots.
   832 | D:1      | 832 ||| READING scroll labeled UPOES NEACIUPN.
   833 | D:1      | 833 ||| READING scroll labeled NIAZOIW HATO.
   834 | D:1      | 834 ||| READING 4 scrolls labeled WUUXYI HUDOITI.
   835 | D:1      | 835 ||| READING scroll labeled TAHOSEB WADAC.
   836 | D:1      | 836 ||| DROPPING 3 scrolls of noise.
   875 | D:2      | Reached skill level 4 in Axes
   875 | D:2      | Reached XP level 4. HP: 25/35 MP: 4/4
  1098 | D:2      | Found a burning altar of Makhleb.
  1278 | D:2      | Noticed Natasha
  1285 | D:2      | Killed Natasha
  1288 | D:2      | Reached XP level 5. HP: 38/41 MP: 5/5
  1297 | D:2      | Noticed Natasha
  1300 | D:2      | Killed Natasha
  1300 | D:2      | Reached skill level 5 in Axes
  1324 | D:2      | Noticed Natasha
  1338 | D:2      | Killed Natasha
  1338 | D:2      | Reached skill level 1 in Dodging
  1625 | D:2      | Noticed Jessica
  1632 | D:2      | Noticed Sigmund
  1637 | D:2      | Killed Jessica
  1644 | D:2      | HP: 10/41 [Sigmund/magic dart (5)]
  1649 | D:2      | HP: 8/41 [Sigmund/scythe (3)]
  1652 | D:2      | Killed Sigmund
  1652 | D:2      | Reached skill level 6 in Axes
  1652 | D:2      | Reached XP level 6. HP: 5/47 MP: 6/6
  1699 | D:2      | 1699 ||| STAIRDANCE
  1930 | D:2      | 1930 ||| STAIRDANCE
  1990 | D:2      | Reached XP level 7. HP: 52/52 MP: 7/7
  2286 | D:2      | 2286 ||| DRINKING 2 cyan potions.
  2287 | D:2      | 2287 ||| DROPPING potion of agility.
  2409 | D:3      | 2409 ||| DROPPING whip.
  2493 | D:3      | Noticed HammerPanzer's ghost (amateur DsBe)
  2521 | D:3      | Found a radiant altar of Vehumet.
  2544 | D:3      | 2544 ||| STAIRDANCE
  2578 | D:2      | 2578 ||| READING scroll labeled ROWOOF MABEID.
  2579 | D:2      | 2579 ||| DRINKING 2 puce potions.
  2583 | D:3      | 2583 ||| STAIRDANCE
  2655 | D:3      | 2655 ||| STAIRDANCE
  2722 | D:3      | Killed HammerPanzer's ghost
  3007 | D:3      | 3007 ||| STAIRDANCE
  3037 | D:2      | 3037 ||| DRINKING 3 blue potions.
  3038 | D:2      | 3038 ||| DROPPING 2 potions of flight.
  3188 | D:3      | Found a shadowy altar of Dithmenos.
  3411 | D:4      | 3411 ||| STAIRDANCE
  3497 | D:4      | 3497 ||| STAIRDANCE
  3510 | D:3      | Reached XP level 8. HP: 53/64 MP: 8/8
  3633 | D:4      | 3633 ||| STAIRDANCE
  3665 | D:4      | Reached skill level 7 in Axes
  3677 | D:4      | 3677 ||| STAIRDANCE
  3790 | D:4      | Noticed Menkaure
  3793 | D:4      | Noticed Pikel
  3799 | D:4      | Slain by Menkaure

Vault maps used:
D:1:      lemuel_arrival_rhombus, kennysheep_decorative_pillar,
          lemuel_old_faithful
D:2:      cheibrodos_old_hovel, marbit_many_paths, uniq_sigmund, uniq_natasha,
          uniq_jessica
D:3:      nicolae_dithmenos_through_a_glass_darkly, vehumet_crystals,
          first_ration
D:4:      uniq_menkaure, uniq_pikel, uniq_edmund

Skill      XL: |  1  2  3  4  5  6  7  8 |
---------------+-------------------------+-----
Axes           | 3 4 6 7 |  7.0
Dodging        | 1 |  1.1
Shields        | 4 5 |  5.0
Fighting       | 5 |  5.6
Armour         | |  3.2

Action                   |  1- 3 |  4- 6 |  7- 9 || total
-------------------------+-------+-------+-------++-------
Melee: War axe           |    77 |    88 |   138 ||   303
  Use: Scroll            |     4 |       |     1 ||     5
       Potion            |       |       |     4 ||     4
  Eat: Chunk             |       |     3 |     7 ||    10
Armor: Scale mail        |    24 |    25 |    59 ||   108
Dodge: Dodged            |    17 |    22 |    50 ||    89
Block: Shield            |    42 |    47 |    65 ||   154

Table legend:
 A = Spawn XP
 B = Non-spawn XP
 C = Spawn XP percentage of total XP
 D = Spawn monster count
 E = Non-spawn monster count
 F = Spawn count percentage of total count
 G = Total turns spent on level
                    A         B        C        D         E        F      G
               +---------+---------+-------+---------+---------+-------+---------
         Total |       0 |    1160 |   0.0 |       0 |      76 |   0.0 |  3799
               +---------+---------+-------+---------+---------+-------+---------
           D:1 |       0 |      41 |   0.0 |       0 |      23 |   0.0 |  1101
           D:2 |       0 |     498 |   0.0 |       0 |      28 |   0.0 |  1436
           D:3 |       0 |     491 |   0.0 |       0 |      20 |   0.0 |  1168
           D:4 |       0 |     130 |   0.0 |       0 |       5 |   0.0 |    94
               +---------+---------+-------+---------+---------+-------+---------
